 Dungeon Crawl Stone Soup version 0.25-a0-697-g890751e744 (webtiles) character file.

Game seed: 14411465884306078720, levelgen mode: deterministic

73 Alarkh the Slasher (level 4, 36/36 HPs)
             Began as a Demonspawn Fighter on Mar 31, 2020.
             Got out of the dungeon alive.
             The game lasted 00:02:11 (1062 turns).

Alarkh the Slasher (Demonspawn Fighter)             Turns: 1062, Time: 00:02:11

Health: 36/36      AC:  7    Str: 16    XL:     4   Next: 8%
Magic:  4/4        EV:  6    Int: 10    God:
Gold:   61         SH:  8    Dex: 13    Spells: 3/3 levels left

rFire    . . .     SeeInvis .   a - +0 long sword
rCold    + . .     Gourm    .   c - +0 kite shield
rNeg     . . .     Faith    .   b - +0 scale mail
rPois    .         Spirit   .   (no helmet)
rElec    .         Reflect  .   (no cloak)
rCorr    .         Harm     .   (no gloves)
MR       .....                  (no boots)
Stlth    ..........             (no amulet)
HPRegen  0.12/turn              (no ring)
MPRegen  0.09/turn              (no ring)

@: no status effects
A: rugged brown scales 1, cold resistance 1
a: no special abilities


You escaped.
You were not hungry.

You visited 1 branch of the dungeon, and saw 2 of its levels.

You collected 61 gold pieces.

Inventory:

Hand Weapons
 a - a +0 long sword (weapon)
Armour
 b - a +0 scale mail (worn)
 c - a +0 kite shield (worn)
Jewellery
 q - an uncursed ring of fire {unknown}
Scrolls
 e - 2 scrolls of teleportation {unknown}
 m - a scroll of remove curse {unknown}
 o - a scroll of enchant armour {unknown}
 r - a scroll of magic mapping {unknown}
 t - 4 scrolls of identify {unknown}
Potions
 d - a potion of might
 h - a potion of flight {unknown}
 i - 3 potions of brilliance {unknown}
 j - a potion of haste
 k - a potion of heal wounds {unknown}
 l - a potion of berserk rage {unknown}
 n - a potion of mutation {unknown}
 p - a potion of stabbing {unknown}
 s - a potion of cancellation {unknown}
Comestibles
 f - 3 rations
 g - a chunk of flesh


   Skills:
 - Level 3.0 Fighting
 + Level 4.0 Long Blades
 - Level 2.6 Armour
 - Level 2.6 Shields


You had 3 spell levels left.
You didn't know any spells.
Your spell library was empty.

Dungeon Overview and Level Annotations

Branches:
Dungeon (2/15)

Altars:
Kikubaaqudgha


Innate Abilities, Weirdness & Mutations

You are partially covered in rugged brown scales. (AC +1, +3% HP)
Your flesh is cold resistant. (rC+)


Message History

You see here a stone.
The kobold hits you but does no damage.
You hit the kobold but do no damage.
The kobold hits you but does no damage. x2
You slash the kobold!
You kill the kobold!
No target in view!
No target in view!
No target in view!
No target in view!
(D) Dungeon
Where to? (Enter - D:1 @ (x,y), ? - help)
t - 4 scrolls labeled WILIDW PAROJUOSHA (gained 1)
Things that are here:
3 stones; a kobold corpse Some of the chunks of flesh in your inventory have rotted away.
There is an open door here.
There is an open door here.
There is a staircase leading out of the dungeon here.
Are you sure you want to leave the Dungeon?
This will make you lose the game!
You have escaped!

##.........###########...##.###.#
........####.........#######.#.##
#......##...####'####...## ##.###
....#.##.#### #...# ####.#####.#.
#.#...#÷## #...# ##.#.....#
#....##.#### ###'########.#######
####.#.##≈.###.....##..≈##.#..#
#.#.#≈≈..#(......#..≈≈#.##.#
#...#≈≈..'...@...'..≈≈#....#
###.#≈≈..#.......#..≈≈#.#..#
#.##≈.###.....##..≈##.##.###
###.#### ###'########.##....#
#.#.## #...# ##.#.#.#.# #.##.####
#(..# ####.##.#....
#.###...####'####...#####.#.# #.#
####.........####........ #.#
############.#.###..#.


There were no monsters in sight!

Vanquished Creatures
  2 adders (D:2)
  2 dart slugs (D:1)
  A leopard gecko (D:2)
  2 giant cockroaches (D:1)
  6 goblins
  5 hobgoblins
  6 jackals
  A ball python (D:1)
  7 bats
  3 frilled lizards
  9 kobolds
  3 rats
47 creatures vanquished.

Notes
Turn   | Place    | Note
-------+----------+-------------------------------------------
     0 | D:1      | Alarkh the Demonspawn Fighter began the quest for the Orb.
     0 | D:1      | Reached XP level 1. HP: 18/18 MP: 1/1
    40 | D:1      | Reached skill level 2 in Long Blades
    97 | D:1      | Gained mutation: You are partially covered in rugged brown
                  | scales. (AC +1, +3% HP) [demonic ancestry]
    97 | D:1      | Reached XP level 2. HP: 16/24 MP: 2/2
   372 | D:1      | Reached skill level 3 in Long Blades
   410 | D:1      | Reached XP level 3. HP: 21/29 MP: 3/3
   864 | D:2      | Found an ancient bone altar of Kikubaaqudgha,
   980 | D:2      | Reached skill level 4 in Long Blades
   980 | D:2      | Gained mutation: Your flesh is cold resistant. (rC+)
                  | [demonic ancestry]
   980 | D:2      | Reached XP level 4. HP: 31/36 MP: 4/4
  1062 | D:$      | Got out of the dungeon alive.

Levels and vault maps discovered:
D:1:      dpeg_arrival_another_circle, layout_loops_ring
D:2:      layout_rooms, nicolae_overflow_hidden_temple, kiku_gazebo_pond_becter,
          tgw_fedhas, uniq_sigmund, uniq_natasha

Skill      XL: |  1  2  3 |
---------------+----------+-----
Long Blades    | 2 3 4 |  4.0
Fighting       | |  3.0
Armour         | |  2.6
Shields        | |  2.6

Action                   |  1- 3 |  4- 6 || total
-------------------------+-------+-------++-------
Melee: Long sword        |   166 |     2 ||   168
  Eat: Chunk             |     1 |       ||     1
Armor: Scale mail        |   103 |     3 ||   106
Dodge: Dodged            |    63 |     1 ||    64
Block: Kite shield       |    88 |       ||    88
       Rpst.: Long sword |    17 |       ||    17

Table legend:
 A = Non-vault XP
 B = Vault XP
 C = Vault XP percentage of total XP
 D = Non-vault monster count
 E = Vault monster count
 F = Vault count percentage of total count
                 A         B        C        D         E       F
            +---------+---------+-------+---------+---------+-------
      Total |     105 |       0 |   0.0 |      47 |       0 |   0.0
            +---------+---------+-------+---------+---------+-------
        D:1 |      55 |       0 |   0.0 |      31 |       0 |   0.0
        D:2 |      50 |       0 |   0.0 |      16 |       0 |   0.0
            +---------+---------+-------+---------+---------+-------
